 Dungeon Crawl Stone Soup version 0.31-a0-1-g4198be8af4 (webtiles) character file.

Game seed: 11641213681617105202

73112 Ahpoh the Fencer (level 15, -1/83 HPs)
             Began as a Vine Stalker Monk on May 2, 2023.
             Was the Champion of Trog.
             Hit by a silver javelin thrown by a merfolk javelineer (6 damage)
             ... on level 1 of the Shoals.
             The game lasted 01:21:09 (17534 turns).

Ahpoh the Fencer (Vine Stalker Monk)               Turns: 17534, Time: 01:21:10

Health: -1/83      AC: 22    Str: 15    XL:     15   Next: 42%
Magic:  0/25       EV: 13    Int: 10    God:    Trog [******]
Gold:   1115       SH:  9    Dex: 23    Spells: 14/14 levels left

rFire   x . .        P - +7 great sword (flame)
rCold   + + .        (shield currently unavailable)
rNeg    . . .        r - +0 ice dragon scales
rPois   .            m - +2 hat {Stlth+}
rElec   .            L - +2 cloak
rCorr   .            O - +2 pair of gloves
SInv    .            (no boots)
Will    +....        q - amulet of reflection
Stlth   +++          e - ring of magical power
HPRegen 2.13/turn    M - +4 ring of slaying
MPRegen 0.19/turn

%: reflection, guardian spirit
@: weak-willed, strong-willed, mesmerised, regenerating
A: fangs 3, regeneration 1, magic shield, antimagic bite, no potion heal 2,
large bone plates 1
a: Renounce Religion, Berserk, Trog's Hand, Brothers in Arms


You were on level 1 of the Shoals.
You worshipped Trog.
Trog was exalted by your worship.
You visited 4 branches of the dungeon, and saw 19 of its levels.
You also visited: Ossuary.

You collected 1115 gold pieces.

Inventory:

Hand Weapons
 y - a +0 arbalest
 H - the +6 shillelagh "Devastator" {shatter}
   (You found it on level 7 of the Dungeon)
 J - a +3 triple sword of venom
 P - a +7 great sword of flaming (weapon)
Missiles
 w - 3 throwing nets (quivered)
Armour
 m - a +2 hat of stealth (worn)
 r - +0 ice dragon scales (worn)
 L - a +2 cloak (worn)
 O - a +2 pair of gloves (worn)
Jewellery
 d - a ring of ice
 e - a ring of magical power (left hand)
 q - an amulet of reflection (around neck)
 M - a +4 ring of slaying (right hand)
Wands
 j - a wand of mindburst (5)
 p - a wand of roots (14)
 v - a wand of charming (12)
 z - a wand of flame (30)
 I - a wand of light (14)
 Q - a wand of digging (1)
Scrolls
 a - a scroll of enchant armour
 b - a scroll of summoning
 g - 5 scrolls of immolation
 h - 2 scrolls of blinking
 i - 3 scrolls of noise
 o - 11 scrolls of teleportation
 t - 4 scrolls of magic mapping
 u - 4 scrolls of silence
 B - 4 scrolls of poison
 C - a scroll of identify
 F - 2 scrolls of fog
 G - a scroll of vulnerability
 N - a scroll of fear
Potions
 c - 4 potions of ambrosia
 f - 14 potions of curing
 k - 2 potions of degeneration {unknown}
 l - 4 potions of resistance
 n - 2 potions of might
 s - 3 potions of magic
 x - 3 potions of attraction {unknown}
 A - 5 potions of flight
 D - 2 potions of lignification {unknown}
 K - a potion of invisibility {unknown}


   Skills:
 + Level 11.2 Fighting
 + Level 17.4 Long Blades
 + Level 1.8 Maces & Flails
 + Level 0.9 Ranged Weapons
 + Level 1.1 Throwing
 + Level 10.5 Armour
 + Level 7.0 Dodging
 + Level 5.5 Stealth
 + Level 0.5 Shields
 + Level 0.6 Evocations


You had 14 spell levels left.
You didn't know any spells.
Your spell library was empty.

Dungeon Overview and Level Annotations

Branches:
Dungeon (11/15)            Temple (0/1) D:6            Lair (5/5) D:11
 Shoals (1/4) Lair:3        Snake (2/4) Lair:2        Slime (0/5) Lair:4
    Orc (0/2) D:9         Ossuary (visited)

Altars:
Dithmenos
Gozag
Hepliaklqana
Kikubaaqudgha
Nemelex Xobeh
Trog
Vehumet
Yredelemnul
The Shining One
Jiyva

Annotations:
D:6 2 transporters, Darkkill's ghost, novice MiHu
D:10 2 transporters, hgbash's ghost, novice GrEE


Innate Abilities, Weirdness & Mutations

You have razor-sharp teeth.
Your natural rate of healing is unusually fast.
When hurt, damage is shared between your health and your magic reserves.
Your bite disrupts and absorbs the magic of your enemies.
Potions cannot restore your health.
You are partially covered in large bone plates. (SH +4)


Message History

You see here a +0 pair of gloves.
Found a stone staircase leading down.
The merfolk siren chants its luring song.
The merfolk javelineer throws a silver javelin.
The silver javelin pierces through you! The silver sears you!
The merfolk hits you from afar with a +0 trident!
Okay, then.
Your iron troll goes berserk!
The pull of its song draws you forwards.
The merfolk avatar chants its luring song.
The merfolk siren chants its luring song.
The merfolk javelineer throws a silver javelin.
The silver javelin pierces through you!
* * * LOW HITPOINT WARNING * * *
The silver sears you!
* * * LOW HITPOINT WARNING * * *
The merfolk hits you but does no damage.
Your skin crawls.
You feel strong-willed.
The merfolk avatar chants its luring song.
The merfolk siren chants its luring song.
The faun unwields a +0 spear.
The faun wields a +0 sling.
The faun shoots a sling bullet.
The sling bullet hits you!
* * * LOW HITPOINT WARNING * * *
The merfolk javelineer throws a silver javelin.
The silver javelin pierces through you.
* * * LOW HITPOINT WARNING * * *
The silver sears you!
* * * LOW HITPOINT WARNING * * *
The merfolk hits you with a +0 trident!
* * * LOW HITPOINT WARNING * * *
Read: 2 scrolls of summoning
Press: ? - help, Q - select action, (/) - cycle Dir - look around, f - activate
As you read the scroll of summoning, it crumbles to dust.
Wisps of shadow whirl around you...
The merfolk avatar chants its luring song.
The merfolk siren chants its luring song.
The merfolk javelineer throws a silver javelin.
The silver javelin pierces through you!
You die...

~~~.....~≈≈≈≈≈...~~P≈P
~..#....~≈≈##≈≈P.~PPPPPP
~~.#...~≈≈≈≈#≈≈≈≈~~~~P..
~)....≈≈≈≈≈≈≈≈≈≈..~≈≈~.
~~....≈≈≈≈≈~.~~...P≈~~
.~....~~≈≈≈....≈≈≈≈.#
.~...~~~~≈≈~...≈k≈≈##
#..~~~≈~~≈≈~..[~Emcc#..~
#.~....~~≈~~~~~T@.mc..>~
#..)###.~~~~~P~.SSmm..~~
....# #.~~~†≈~PP~P.##..~
...## #..~~~≈≈≈PP~.# .
...####..~~≈≈≈≈≈~~...
.....#...~~≈≈≈≈≈≈~..P.
~.......~~≈≈≈≈≈≈≈~.....
~~~.....~~≈≈≈≈≈≈≈~~P~~~
~~~~...~~≈≈≈≈≈≈≈≈~


You could see a merfolk avatar (mesmerising), a merfolk javelineer (ally
target), a merfolk (ally target), 3 fauns, a merfolk siren (mesmerising), a
friendly iron troll (summoned, berserk), 2 friendly sea snakes, a friendly wind
drake (summoned, repels missiles) and a friendly water elemental (summoned).

Vanquished Creatures
  Gastronok (Lair:3)
  Donald (Shoals:1)
  A nagaraja (Snake:1)
  A merfolk impaler (Shoals:1)
  A merfolk javelineer (Shoals:1)
  Fannar (Lair:3)
  A catoblepas (Lair:1)
  3 anacondas (Snake:1)
  7 hydras
  3 two-headed ogres
  3 boulder beetles (D:11)
  A death yak (Lair:1)
  A shock serpent (Snake:1)
  2 naga sharpshooters (Snake:1)
  2 skysharks (Lair:5)
  A salamander mystic (Snake:2)
  Pikel (D:8)
  A goliath frog (Lair:5)
  2 naga ritualists (Snake:1)
  2 mana vipers (Snake:1)
  A harpy (Lair:3)
  A salamander (Snake:1)
  A cyclops (Shoals:1)
  6 fauns (Shoals:1)
  11 elephants
  A naga mage (Snake:1)
  5 manticores (Shoals:1)
  17 black mambas
  A torpor snail (Lair:1)
  A gargoyle (D:7)
  2 molten gargoyles (D:11)
  Maggie (Lair:2)
  16 cane toads
  A kobold demonologist (D:9)
  An unseen horror (D:11)
  3 rime drakes
  12 komodo dragons
  2 trolls
  2 merfolk (Shoals:1)
  A tyrant leech (Lair:5)
  4 polar bears
  Grinder (D:6)
  A snapping turtle (Shoals:1)
  Prince Ribbit (D:5)
  23 dream sheep
  A slime creature (D:7)
  12 blink frogs
  A shadow (D:9)
  6 wyverns
  2 wraiths
  5 basilisks
  36 yaks
  3 steam dragons
  7 vampire mosquitoes
  3 nagas
  15 water moccasins
  3 ice beasts
  7 orc warriors
  A black bear (D:8)
  An ogre (D:5)
  13 wolves
  5 centaurs (D:11)
  2 kobold brigands
  15 bullfrogs
  5 scorpions
  A water moccasin zombie (Ossuary)
  2 jellies
  11 killer bees
  11 electric eels
  5 howler monkeys
  2 vampire bats (D:10)
  4 lava snakes (D:11)
  A gnoll bouda (D:4)
  A hound (D:4)
  13 orc priests
  2 iguanas
  Natasha (thrice) (D:2)
  14 orc wizards
  2 sleepcaps
  5 hell rats (Lair:1)
  2 mummies (Ossuary)
  11 gnolls
  7 adders
  3 shadow imps
  4 adder zombies (Ossuary)
  2 worms
  4 dart slugs
  50 orcs
  8 bats
  2 bat skeletons (D:10)
  3 bat zombies (D:10)
  4 endoplasms
  4 giant cockroaches
  4 gnoll zombies (Ossuary)
  11 goblins
  2 hobgoblins
  4 jackals
  2 quokkas
  4 ball pythons
  2 frilled lizards
  6 hobgoblin zombies (Ossuary)
  14 kobolds
  9 kobold zombies (Ossuary)
  10 orc zombies (Ossuary)
  5 rats
  2 rat zombies (D:8)
551 creatures vanquished.

Vanquished Creatures (collateral kills)
  A cane toad (Lair:4)
  A blink frog (Lair:4)
  A vampire mosquito (Lair:4)
3 creatures vanquished.

Vanquished Creatures (others)
  3 bushes (D:11)
  18 fungi
  106 plants
127 creatures vanquished.

Grand Total: 681 creatures vanquished

Notes
Turn   | Place    | Note
-------+----------+-------------------------------------------
     0 | D:1      | Ahpoh the Vine Stalker Monk began the quest for the Orb.
     0 | D:1      | Reached XP level 1. HP: 11/11 MP: 2/2
   225 | D:1      | Reached XP level 2. HP: 16/16 MP: 3/3
   324 | D:1      | Reached skill level 3 in Long Blades
   988 | D:2      | Reached XP level 3. HP: 19/20 MP: 4/4
  1133 | D:2      | Noticed Natasha
  1146 | D:2      | Killed Natasha
  1147 | D:2      | Gained mutation: Your natural rate of healing is unusually
                  | fast. [Vine Stalker growth]
  1147 | D:2      | Reached XP level 4. HP: 7/24 MP: 5/5
  1541 | D:2      | Noticed Natasha
  1549 | D:2      | Killed Natasha
  1550 | D:2      | Reached XP level 5. HP: 28/28 MP: 6/6
  1780 | D:2      | Noticed Natasha
  1827 | D:2      | Killed Natasha
  1828 | D:2      | Reached skill level 4 in Long Blades
  1946 | D:3      | Found a bloodstained altar of Trog.
  1957 | D:3      | Became a worshipper of Trog the Wrathful
  1957 | D:3      | Reached * piety under Trog
  1957 | D:3      | Reached ** piety under Trog
  2073 | D:3      | Reached XP level 6. HP: 32/32 MP: 7/7
  2778 | D:4      | Reached skill level 5 in Long Blades
  3011 | D:4      | Reached XP level 7. HP: 36/37 MP: 8/8
  3489 | D:4      | Reached skill level 1 in Armour
  3630 | D:4      | Reached skill level 6 in Long Blades
  3836 | D:5      | Entered Level 5 of the Dungeon
  3899 | D:5      | Reached *** piety under Trog
  4072 | D:5      | Noticed Prince Ribbit
  4080 | D:5      | Gained mutation: You have razor-sharp teeth. [Vine Stalker
                  | growth]
  4080 | D:5      | Reached XP level 8. HP: 42/42 MP: 9/9
  4096 | D:5      | Killed Prince Ribbit
  4103 | D:5      | Reached skill level 7 in Long Blades
  4196 | D:4      | Reached skill level 1 in Stealth
  4221 | D:5      | Reached skill level 5 in Fighting
  4505 | D:5      | Gained mutation: You have a pair of small antennae on your
                  | head. [potion of mutation]
  4505 | D:5      | Gained mutation: You have a somewhat thin skeletal
                  | structure. (Dex +2, Stealth+) [potion of mutation]
  4505 | D:5      | Gained mutation: Your movements are slightly less
                  | encumbered by armour. (ER -2) [potion of mutation]
  4709 | D:6      | Found a glowing golden altar of the Shining One.
  4776 | D:6      | Noticed Grinder
  4786 | D:6      | Killed Grinder
  4787 | D:6      | Reached skill level 8 in Long Blades
  4787 | D:6      | Reached XP level 9. HP: 47/47 MP: 10/10
  4814 | D:6      | Found a transporter.
  4814 | D:6      | Noticed Darkkill's ghost (novice MiHu)
  4815 | D:6      | Identified the +12 giant club "Kasoepis" {spect, rPois}
  4844 | D:6      | Found a staircase to the Ecumenical Temple.
  5158 | D:6      | Found a transporter.
  5202 | D:7      | Found a shadowy altar of Dithmenos.
  5378 | D:7      | Noticed a troll
  5420 | D:7      | Killed a troll
  5421 | D:7      | Reached skill level 5 in Armour
  5495 | D:7      | Noticed a two-headed ogre
  5518 | D:7      | Killed a two-headed ogre
  5519 | D:7      | Reached skill level 9 in Long Blades
  5750 | D:7      | Reached XP level 10. HP: 53/53 MP: 11/11
  5892 | D:7      | Noticed a gargoyle
  5897 | D:7      | Killed a gargoyle
  5897 | D:7      | Noticed a two-headed ogre
  5900 | D:7      | Killed a two-headed ogre
  5901 | D:7      | Found the +6 shillelagh "Devastator" {shatter}
  5979 | D:7      | Reached skill level 10 in Long Blades
  6247 | D:8      | Found a sand-covered staircase.
  6254 | Ossuary  | Entered an ossuary
  6258 | Ossuary  | Reached **** piety under Trog
  6401 | Ossuary  | Reached ***** piety under Trog
  6668 | D:8      | Noticed Pikel
  6677 | D:8      | Killed Pikel
  7063 | D:8      | Reached skill level 11 in Long Blades
  7451 | D:9      | Reached XP level 11. HP: 47/58 MP: 12/12
  7598 | D:9      | Found a radiant altar of Vehumet.
  7986 | D:9      | Found a staircase to the Orcish Mines.
  8313 | D:10     | Entered Level 10 of the Dungeon
  8398 | D:10     | Found a sparkling altar of Nemelex Xobeh.
  8400 | D:10     | Found a basalt altar of Yredelemnul.
  8559 | D:10     | Reached skill level 1 in Maces & Flails
  8616 | D:10     | Found an opulent altar of Gozag.
  8633 | D:10     | Found a transporter.
  8635 | D:10     | Found a transporter.
  8636 | D:10     | Noticed a tengu warrior
  8636 | D:10     | Noticed a two-headed ogre
  8638 | D:10     | Noticed hgbash's ghost (novice GrEE)
  8640 | D:10     | Noticed a moth of wrath
  8640 | D:10     | Noticed a two-headed ogre
  8641 | D:10     | Found a bloodstained altar of Trog.
  8772 | D:10     | Reached skill level 5 in Dodging
  9041 | D:10     | Found an ancient bone altar of Kikubaaqudgha.
  9149 | D:10     | Received a gift from Trog
  9498 | D:11     | Reached skill level 12 in Long Blades
  9520 | D:11     | Noticed a boulder beetle
  9530 | D:11     | Killed a boulder beetle
  9654 | D:11     | Noticed a two-headed ogre
  9664 | D:11     | Killed a two-headed ogre
  9665 | D:11     | Reached XP level 12. HP: 64/64 MP: 13/13
  9822 | D:11     | Reached skill level 1 in Throwing
  9826 | D:11     | Lost mutation: You have a somewhat thin skeletal structure.
                  | (Dex +2, Stealth+) [potion of mutation]
  9826 | D:11     | Lost mutation: Your movements are slightly less encumbered
                  | by armour. (ER -2) [potion of mutation]
  9826 | D:11     | Lost mutation: You have a pair of small antennae on your
                  | head. [potion of mutation]
  9826 | D:11     | Gained mutation: Your mind is acute. (Int +4, Str/Dex -1)
                  | [potion of mutation]
  9827 | D:11     | Lost mutation: Your mind is acute. (Int +4, Str/Dex -1)
                  | [potion of mutation]
  9827 | D:11     | Gained mutation: You occasionally lose the ability to read
                  | scrolls when taking damage. [potion of mutation]
  9827 | D:11     | Gained mutation: You have a pair of small antennae on your
                  | head. [potion of mutation]
  9828 | D:11     | Lost mutation: You occasionally lose the ability to read
                  | scrolls when taking damage. [potion of mutation]
  9828 | D:11     | Lost mutation: You have a pair of small antennae on your
                  | head. [potion of mutation]
  9828 | D:11     | Gained mutation: Your muscles are strong. (Str +4, Int/Dex
                  | -1) [potion of mutation]
  9874 | D:11     | Found a staircase to the Lair.
 10034 | D:11     | Noticed a boulder beetle
 10048 | D:11     | Killed a boulder beetle
 10137 | D:11     | Noticed a boulder beetle
 10143 | D:11     | Killed a boulder beetle
 10472 | Lair:1   | Entered Level 1 of the Lair of Beasts
 10517 | Lair:1   | Reached skill level 13 in Long Blades
 10572 | Lair:1   | Noticed a death yak
 10619 | Lair:1   | Killed a death yak
 10848 | Lair:1   | Noticed a catoblepas
 10858 | Lair:1   | Killed a catoblepas
 11273 | Lair:1   | You fall into a shaft and drop 1 floor!
 11334 | Lair:2   | Reached XP level 13. HP: 67/70 MP: 14/14
 11346 | Lair:2   | Reached skill level 14 in Long Blades
 11858 | Lair:2   | Found a staircase to the Snake Pit.
 11891 | Lair:2   | Noticed Maggie
 11899 | Lair:2   | Killed Maggie
 12221 | Lair:3   | Received a gift from Trog
 12445 | Lair:3   | Noticed Gastronok
 12460 | Lair:3   | Killed Gastronok
 12496 | Lair:3   | Found a staircase to the Shoals.
 12555 | Lair:3   | Noticed Fannar
 12560 | Lair:3   | Killed Fannar
 13450 | Lair:4   | Found a viscous altar of Jiyva.
 13450 | Lair:4   | Found a staircase to the Slime Pits.
 13645 | Lair:4   | Reached skill level 15 in Long Blades
 13985 | Lair:5   | Entered Level 5 of the Lair of Beasts
 14040 | Lair:4   | Reached XP level 14. HP: 32/76 MP: 15/15
 14246 | Lair:4   | Reached skill level 10 in Fighting
 14375 | Lair:5   | Reached skill level 5 in Stealth
 14535 | Lair:5   | HP: 3/77 [electric eel/bolt of electricity (2)]
 14638 | Lair:5   | Reached skill level 16 in Long Blades
 14657 | Lair:5   | Received a gift from Trog
 14835 | Lair:5   | Reached skill level 10 in Armour
 15045 | Lair:5   | Found a hazy altar of Hepliaklqana.
 15718 | Snake:1  | Entered Level 1 of the Snake Pit
 16253 | Snake:1  | Noticed a nagaraja
 16264 | Snake:1  | Killed a nagaraja
 16541 | Snake:1  | Reached XP level 15. HP: 81/81 MP: 16/16
 16650 | Snake:1  | Reached ****** piety under Trog
 16867 | Snake:1  | Lost mutation: Your muscles are strong. (Str +4, Int/Dex
                  | -1) [potion of mutation]
 16867 | Snake:1  | Gained mutation: You are clumsy. (Dex -2) [potion of
                  | mutation]
 16867 | Snake:1  | Gained mutation: You expend magic power (3 MP) to
                  | strengthen your wands. [potion of mutation]
 16868 | Snake:1  | Lost mutation: You expend magic power (3 MP) to strengthen
                  | your wands. [potion of mutation]
 16868 | Snake:1  | Lost mutation: You are clumsy. (Dex -2) [potion of
                  | mutation]
 16868 | Snake:1  | Gained mutation: You are partially covered in large bone
                  | plates. (SH +4) [potion of mutation]
 16886 | Snake:2  | Reached skill level 17 in Long Blades
 17116 | Shoals:1 | Entered Level 1 of the Shoals
 17153 | Shoals:1 | Noticed Donald
 17172 | Shoals:1 | Killed Donald
 17533 | Shoals:1 | HP: 3/83 [merfolk/+0 trident (6)]
 17534 | Shoals:1 | Hit by a silver javelin thrown by a merfolk javelineer

Illustrated notes

Levels and vault maps discovered:
D:1:      zelgadis_glass_arrival_small, layout_basic
D:2:      layout_loops_cross, kennysheep_generic_room_13, uniq_natasha
D:3:      layout_loops_ring, lemuel_coloured_pillars_altar
D:4:      layout_basic, lexackson_kobold_supper
D:5:      layout_gridville, serial_bayou_pond_b, corexii_corridor_pit,
          uniq_prince_ribbit1
D:6:      layout_basic, tso_metal_star, minmay_temple_entry_arrows,
          gammafunk_ghost_smash, corexii_corridor_pit, uniq_grinder
D:7:      minmay_cornered_nines, layout_basic,
          nicolae_dithmenos_through_a_glass_darkly,
          dilly_guarded_unrand_devastator
D:8:      layout_basic, enter_ossuary_4, corexii_checkpoint_b, uniq_pikel
D:9:      layout_irregular_city, nicolae_overflow_crystal_walls, david_orc_5
D:10:     minmay_flawed_box, layout_basic,
          nicolae_gozag_cash_rules_everything_around_me,
          kennysheep_vampire_church, jmf_multi_god_temple,
          gammafunk_ghost_wrathful_warriors
D:11:     cheibrodos_magma_flow, layout_loops_ring, minmay_lair_entry_grove
Lair:1:   layout_chaotic_city
Lair:2:   layout_hall_layers, dummy_snake_entry, serial_bayou_shore_b,
          grunt_megastairs_4, uniq_maggie
Lair:3:   layout_small_grid, nicolae_shoals_entry_roost, beast_lair_carwin_4,
          serial_bayou_shore_a, serial_bayou_shore_b, uniq_gastronok,
          uniq_fannar
Lair:4:   layout_long_grid, slime_entry_1, st_stairs_12,
          infiniplex_staircase_pool_2
Lair:5:   minmay_lair_end_frog_pond, layout_cave_shapes, basic_altar,
          infiniplex_staircase_pool
Shoals:1: layout_shoals, nicolae_shoals_abyss_on_the_beach, uniq_donald
Snake:1:  layout_basic, grunt_megastairs_2
Snake:2:  layout_basic, serial_bayou_lagoon_b

Skill      XL: |  1  2  3  4  5  6  7  8  9 10 11 12 13 14 15 |
---------------+----------------------------------------------+-----
Long Blades    | 3 4 5 6 8 9 11 12 13 15 16 17 | 17.4
Fighting       | 3 4 5 6 7 8 9 10 11 | 11.2
Dodging        | 3 4 5 6 7 |  7.0
Armour         | 2 4 5 6 7 8 9 10 | 10.5
Stealth        | 1 3 4 5 |  5.5
Maces & Flails | 1 |  1.8
Throwing       | 1 |  1.1
Ranged Weapons | |  0.9
Shields        | |  0.5
Evocations     | |  0.6

Action                     |  1- 3 |  4- 6 |  7- 9 | 10-12 | 13-15 || total
---------------------------+-------+-------+-------+-------+-------++-------
  Melee: Falchion          |    59 |   127 |   131 |       |       ||   317
         Bite              |    14 |    38 |    97 |   223 |   158 ||   530
         Long sword        |       |       |    86 |   359 |       ||   445
         Great sword       |       |       |       |   195 |   492 ||   687
         Shillelagh        |       |       |       |    12 |     2 ||    14
   Fire: Arbalest          |       |       |       |       |     1 ||     1
  Throw: Throwing net      |       |     1 |     1 |     2 |       ||     4
 Invoke: Berserk           |       |     1 |     6 |    10 |     7 ||    24
         Trog's Hand       |       |     1 |       |     1 |     2 ||     4
         Brothers in Arms  |       |       |       |       |     2 ||     2
  Evoke: Wand              |       |       |       |     7 |       ||     7
    Use: Scroll            |       |     1 |     8 |    13 |    14 ||    36
         Potion            |       |       |     1 |     3 |     5 ||     9
   Stab: Sleeping          |       |       |       |     2 |     4 ||     6
         Held in net/web   |       |       |       |     1 |       ||     1
         Petrified         |       |       |       |     1 |       ||     1
 Armour: Robe              |    18 |     5 |       |       |       ||    23
         Ice dragon scales |       |    31 |    78 |   218 |   312 ||   639
  Dodge: Dodged            |    42 |    70 |    93 |   328 |   375 ||   908
  Block: Other             |       |       |       |       |    13 ||    13
         Reflection        |       |       |       |       |     2 ||     2

Table legend: (Time is in decaauts)
 A = Elapsed time spent in this place.
 B = Non-inter-level travel time spent in this place.
 C = Inter-level travel time spent in this place.
 D = Time resting spent in this place.
 E = Time spent auto-exploring this place.
 F = Levels seen in this place.
 G = Mean time per level.
                   A        B        C        D        E       F      G
               +--------+--------+--------+--------+--------+-----+--------+
         Total |  17759 |  17419 |    340 |   1618 |  10108 |  20 |  888.0 |
       Dungeon |  10427 |  10256 |    171 |    734 |   6425 |  11 |  947.9 |
          Lair |   5509 |   5388 |    121 |    472 |   3031 |   5 | 1101.8 |
        Shoals |    413 |    413 |      0 |     81 |     90 |   1 |  413.0 |
     Snake Pit |   1231 |   1185 |     46 |    329 |    561 |   2 |  615.5 |
       Ossuary |    178 |    178 |      0 |      0 |      0 |   1 |  178.0 |
               +--------+--------+--------+--------+--------+-----+--------+

Top non-repeatable levels by time:
  Lair:3: 1338 daAuts
  Lair:5: 1328 daAuts
     D:4: 1231 daAuts
     D:8: 1220 daAuts
 Snake:1: 1216 daAuts
    D:11: 1204 daAuts
  Lair:4: 1063 daAuts
  Lair:1: 1059 daAuts
    D:10: 1000 daAuts
     D:1: 989 daAuts
     D:2: 887 daAuts
     D:9: 886 daAuts
     D:7: 851 daAuts
     D:3: 775 daAuts
     D:5: 767 daAuts
